 Dungeon Crawl Stone Soup version 0.22-a0-248-gc8378ba3fb (webtiles) character file.

71854 RedPan the Blocker (level 14, -9/110 HPs)
             Began as a Demonspawn Monk on Feb 28, 2018.
             Was the Champion of Cheibriados.
             Killed from afar by Arachne (38 damage)
             ... with a bolt of poison
             ... on level 3 of the Spider Nest.
             The game lasted 00:51:52 (26205 turns).

RedPan the Blocker (Demonspawn Monk)               Turns: 26205, Time: 00:51:53

Health: -9/110     AC: 33    Str: 33    XL:     14   Next: 99%
Magic:  21/21      EV: 17    Int: 34    God:    Cheibriados [******]
Gold:   200        SH: 16    Dex: 31    Spells: 13/13 levels left

rFire    + . .     SeeInvis .   g - +5 scimitar (flame)
rCold    + + .     Gourm    .   i - +0 shield {rF+}
rNeg     . . .     Faith    .   J - +9 plate armour of Muag {rElec rC+ Int+4 Slay-3}
rPois    .         Spirit   .   a - +2 helmet {Int+3}
rElec    +         Reflect  .   t - +0 cloak
rCorr    +         Harm     .   (no gloves)
MR       +....                  L - +2 pair of boots of the Assassin {Detection Stab+ Stlth++}
Stlth    ++++......             (no amulet)
HPRegen  0.28/turn              K - ring of protection from cold
MPRegen  0.17/turn              w - ring of resist corrosion

@: lethally poisoned (-9 -> -17), very slow
A: talons 2, rugged brown scales 2, demonic guardian 1, mutation resistance 1,
nightstalker 3, strong 1
a: Bend Time, Temporal Distortion, Slouch, Step From Time, Renounce Religion


You were on level 3 of the Spider Nest.
You worshipped Cheibriados.
Cheibriados was exalted by your worship.
You were very hungry.

You visited 5 branches of the dungeon, and saw 23 of its levels.
You also visited: Sewer.

You collected 2034 gold pieces.
You spent 1834 gold pieces at shops.

Inventory:

Hand Weapons
 g - a +5 scimitar of flaming (weapon)
Armour
 a - a +2 helmet of intelligence (worn)
 f - the +1 helmet "Begul Ruema" {Str+4 Int+2 Dex-4}
   (You bought it in a shop on level 2 of the Orcish Mines)

   It affects your strength (+4).
   It affects your intelligence (+2).
   It affects your dexterity (-4).
 i - a +0 shield of fire resistance (worn)
 s - a +3 plate armour
 t - a +0 cloak (worn)
 J - the +9 plate armour of Muag (worn) {rElec rC+ Int+4 Slay-3}
   (You bought it in a shop on level 2 of the Orcish Mines)

   It affects your intelligence (+4).
   It affects your accuracy and damage with ranged weapons and melee attacks
   (-3).
   It protects you from cold.
   It insulates you from electricity.
 L - the +2 pair of boots of the Assassin (worn) {Detection Stab+ Stlth++}
   (You acquired it on level 2 of the Lair of Beasts)

   It makes you much more stealthy.
Jewellery
 o - an uncursed ring of flight
 w - a ring of resist corrosion (right hand)
 B - an uncursed ring of magical power
 D - an uncursed ring of ice
 K - a ring of protection from cold (left hand)
Wands
 e - a wand of flame (45)
 n - a wand of enslavement (7)
 u - a wand of digging (18)
 y - a wand of acid (4)
 z - a wand of paralysis (67)
 H - a wand of polymorph (16)
 I - a wand of disintegration (16)
Scrolls
 b - 5 scrolls of teleportation
 l - a scroll of immolation {unknown}
 r - 3 scrolls of fog
 A - 6 scrolls of identify
 C - a scroll of silence
 F - a scroll of fear
 G - a scroll of remove curse
Potions
 d - a potion of lignification
 h - 2 potions of magic
 j - 4 potions of flight
 k - a potion of heal wounds
 m - 7 potions of curing
 p - 5 potions of mutation
 q - 2 potions of brilliance
 v - 6 potions of ambrosia
 x - a potion of invisibility
Comestibles
 c - 36 rations


   Skills:
 - Level 8.0 Fighting
 + Level 12.9 Long Blades
 - Level 10.0 Armour
 - Level 9.0 Dodging
 - Level 1.7 Stealth
 * Level 13.5 Shields
 - Level 10.0 Invocations


You had 13 spell levels left.
You didn't know any spells.

Dungeon Overview and Level Annotations

Branches:
Dungeon (11/15)            Temple (1/1) D:6            Lair (6/6) D:9
 Shoals (0/4) Lair:4       Spider (3/4) Lair:2        Slime (0/5) Lair:5
    Orc (2/2) D:10            Elf (0/3) Orc:2

Altars:
Ashenzari
Cheibriados
Dithmenos
Elyvilon
Fedhas
Gozag
Hepliaklqana
Kikubaaqudgha
Makhleb
Nemelex Xobeh
Okawaru
Qazlal
Ru
Sif Muna
Trog
Uskayaw
Vehumet
Wu Jian
Xom
Yredelemnul
Zin
The Shining One
Beogh

Shops:
Orc:2 %([=

Portals:
Trove: D:10 (give 9 potions of agility)

Annotations:
D:11 exclusion: 3 skeletal warriors
Spider:2 Azrael, Frances
Spider:3 Arachne


Innate Abilities, Weirdness & Mutations

You have razor-sharp toenails.
You are mostly covered in rugged brown scales. (AC +2, +5% HP)
A weak demonic guardian rushes to your aid.
You are completely attuned to the shadows.
You are somewhat resistant to further mutation.
Your muscles are strong. (Str +2)


Message History

The jumping spider pounces on you but does no damage.
The jumping spider misses you.
Unknown command.
Your surroundings suddenly seem different.
Found a stone staircase leading down.
The orb spider pulsates with a strange energy.
An entropy weaver comes into view.
There is a stone staircase leading down here.
The entropy weaver casts a spell.
You climb downwards.
Arachne the Weaver comes into view.
She is wielding a staff of poison.
There is a stone staircase leading up here.
You are too injured to fight recklessly!
The helpless Arachne fails to defend herself.
You open Arachne like a pillowcase!!!! You burn Arachne.
Arachne is heavily wounded.
Arachne stares at you and mumbles some strange words.
The bolt of poison hits you!
You are poisoned.
You die...

...###
#....#
#....##
#....H##
#...@..#
##.<.....
##......
#####..
#.


You could see Arachne.

Vanquished Creatures
  Saint Roka (Orc:2)
  Jorgrun (Spider:2)
  Gastronok (Lair:1)
  An orc warlord (Orc:2)
  A dire elephant (Lair:6)
  Fannar (D:11)
  4 hydras
  Erica (D:8)
  2 catoblepae (Lair:6)
  A two-headed ogre (Orc:2)
  An orc high priest (Orc:2)
  Nergalle (D:11)
  An unseen horror (D:10)
  2 lindwurms (Lair:6)
  The ghost of motoroller71 the Ducker, a novice GnGl of Makhleb (D:8)
  An oklob plant (Lair:5)
  3 orb spiders
  2 manticores (Lair:6)
  4 orc sorcerers (Orc:2)
  2 deep elf magi (D:9)
  A moth of wrath (Spider:2)
  A cyclops (D:10)
  5 elephants (Lair:6)
  An eye of devastation (Lair:5)
  A torpor snail (Lair:5)
  9 spiny frogs
  6 black mambas
  A gargoyle (D:11)
  10 komodo dragons
  2 rime drakes (Lair:6)
  A demonic crawler (Spider:2)
  A troll (Orc:2)
  8 jumping spiders
  13 polar bears
  Prince Ribbit (D:7)
  A hornet (D:7)
  4 raiju (Lair:6)
  13 hippogriffs
  9 blink frogs
  A snapping turtle (Lair:4)
  9 dream sheep (Lair:6)
  A spriggan (D:8)
  49 yaks
  3 redbacks
  2 wraiths
  Eustachio (D:6)
  2 basilisks
  2 steam dragons
  8 wargs
  Menkaure (D:7)
  6 water moccasins
  10 porcupines
  A swamp drake (D:9)
  13 hell hounds
  29 orc warriors
  4 ice beasts
  11 black bears
  An eye of draining (Lair:5)
  3 phantoms
  A necrophage (D:10)
  6 ogres
  16 wolves
  3 centaurs
  12 crocodiles
  16 bullfrogs
  2 wyvern skeletons
  3 scorpions
  6 killer bees
  7 crimson imps
  2 centaur zombies
  A quasit (D:8)
  A jelly (D:8)
  5 hounds
  20 orc wizards
  4 bullfrog skeletons
  10 orc priests
  2 centaur skeletons
  An iron imp (D:9)
  Terence (D:3)
  Natasha (D:2)
  5 iguanas
  7 worker ants
  2 hound skeletons
  A howler monkey zombie (D:5)
  3 worker ant zombies
  7 gnolls
  13 adders
  4 shadow imps
  A white imp (D:9)
  An ooze (D:1)
  2 adder skeletons
  4 worms
  6 leopard geckos
  64 orcs
  7 bats
  3 giant cockroaches
  6 goblins
  5 hobgoblins
  7 jackals
  3 quokkas
  6 frilled lizards
  10 kobolds
  A leopard gecko skeleton (D:6)
  2 quokka skeletons
  9 rats
  A bush (Lair:4)
  3 plants (Lair:4)
580 creatures vanquished.

Vanquished Creatures (collateral kills)
  A catoblepas (Lair:6)
  A hydra (Lair:6)
  A spiny frog (Lair:2)
  A centaur skeleton (D:8)
  2 dream sheep (Lair:6)
  A blink frog (Lair:5)
  7 yaks
  A wyvern (D:8)
  A human (D:3)
  Edmund (D:5)
  A hell hound (Lair:6)
  Purgy (Sewer)
  A phantom (D:6)
  A black bear (Lair:6)
  An ogre (D:6)
  A necrophage (D:2)
  4 bullfrogs
  A killer bee (D:8)
  A jelly (D:8)
  An orc wizard (D:9)
  Jessica (D:3)
  A hound skeleton (D:7)
  An adder (D:7)
  A worm (D:5)
  3 orcs
  A jackal (D:11)
  A kobold (D:2)
  A rat (D:2)
40 creatures vanquished.

Vanquished Creatures (others)
  An orb spider (Spider:2)
  A redback (Spider:2)
  An orc (D:9)
  11 fungi
  21 plants
35 creatures vanquished.

Grand Total: 655 creatures vanquished

Notes
Turn   | Place    | Note
-------+----------+-------------------------------------------
     0 | D:1      | RedPan the Demonspawn Monk began the quest for the Orb.
     0 | D:1      | Reached XP level 1. HP: 18/18 MP: 1/1
   259 | D:1      | Gained mutation: A weak demonic guardian rushes to your aid. [demonic ancestry]
   259 | D:1      | Reached XP level 2. HP: 16/24 MP: 2/2
   937 | D:1      | Gained mutation: You have sharp toenails. [demonic ancestry]
   937 | D:1      | Reached XP level 3. HP: 28/29 MP: 3/3
  1513 | D:2      | Reached XP level 4. HP: 28/35 MP: 4/4
  1639 | D:2      | Found a stormy altar of Qazlal.
  2194 | D:2      | Found a shadowy altar of Dithmenos.
  2329 | D:2      | Found a hide-covered altar of Uskayaw.
  2436 | D:2      | Noticed a necrophage
  2454 | D:2      | Killed a necrophage
  2454 | D:2      | Reached XP level 5. HP: 41/41 MP: 5/5
  2643 | D:3      | Noticed Natasha
  2652 | D:2      | Killed Natasha
  3168 | D:3      | Found a runed door.
  3168 | D:3      | Noticed a human
  3175 | D:3      | Found a basalt altar of Yredelemnul.
  3265 | D:3      | Reached skill level 5 in Long Blades
  3644 | D:3      | Killed a human
  3644 | D:3      | Gained mutation: You are slightly more attuned to the shadows. [demonic ancestry]
  3644 | D:3      | Reached XP level 6. HP: 38/47 MP: 6/6
  3675 | D:3      | Noticed Jessica
  3680 | D:3      | Killed Jessica
  3846 | D:3      | Found a white marble altar of Elyvilon.
  3979 | D:3      | Noticed Terence
  4000 | D:3      | Killed Terence
  4311 | D:4      | Found a hazy altar of Hepliaklqana.
  4467 | D:4      | Found a glowing drain.
  4471 | Sewer    | Entered a sewer
  4596 | Sewer    | Noticed Purgy
  4616 | Sewer    | Killed Purgy
  4616 | Sewer    | Gained mutation: You are significantly more attuned to the shadows. [demonic ancestry]
  4616 | Sewer    | Reached XP level 7. HP: 44/52 MP: 7/7
  5065 | D:4      | Found a snail-covered altar of Cheibriados.
  5076 | D:4      | Became a worshipper of Cheibriados the Contemplative
  5076 | D:4      | Reached * piety under Cheibriados
  5076 | D:4      | Reached ** piety under Cheibriados
  5567 | D:5      | Entered Level 5 of the Dungeon
  5752 | D:5      | Reached skill level 5 in Dodging
  6261 | D:5      | Noticed Edmund
  6283 | D:5      | Killed Edmund
  6283 | D:5      | Reached skill level 1 in Armour
  6474 | D:5      | Found an ornate altar of the Wu Jian Council.
  6854 | D:6      | Gained mutation: Your muscles are strong. (Str +2) [potion of mutation]
  6854 | D:6      | Gained mutation: You are somewhat resistant to further mutation. [potion of mutation]
  7132 | D:6      | Found a staircase to the Ecumenical Temple.
  7146 | D:6      | Gained mutation: You have razor-sharp toenails. [demonic ancestry]
  7146 | D:6      | Reached XP level 8. HP: 49/58 MP: 8/8
  7154 | Temple   | Entered the Ecumenical Temple
  7329 | D:6      | Found a snail-covered altar of Cheibriados.
  7356 | D:6      | Noticed Eustachio
  7371 | D:6      | Killed Eustachio
  7713 | D:6      | Reached *** piety under Cheibriados
  7767 | D:6      | Found a shimmering altar of Xom.
  8295 | D:7      | Reached skill level 1 in Invocations
  8581 | D:7      | Noticed Prince Ribbit
  8583 | D:7      | Noticed Menkaure
  8583 | D:7      | Gained mutation: You are partially covered in rugged brown scales. (AC +1, +3% HP) [demonic ancestry]
  8583 | D:7      | Reached XP level 9. HP: 58/65 MP: 10/10
  8677 | D:7      | Killed Menkaure
  8768 | D:7      | Killed Prince Ribbit
  8933 | D:7      | Paralysed by a hornet for 3 turns
  9246 | D:7      | Reached skill level 5 in Invocations
  9275 | D:7      | Found an iron altar of Okawaru.
  9299 | D:7      | Reached skill level 5 in Armour
  9782 | D:8      | Reached **** piety under Cheibriados
  9803 | D:8      | Noticed Erica
  9815 | D:8      | Noticed a two-headed ogre
 10065 | D:8      | Reached skill level 5 in Fighting
 10380 | D:8      | Reached XP level 10. HP: 46/76 MP: 14/16
 10600 | D:8      | Noticed motoroller71's ghost (novice GnGl)
 10615 | D:8      | Killed motoroller71's ghost
 10682 | D:8      | Killed Erica
 10906 | D:8      | Found a shattered altar of Ashenzari.
 10906 | D:8      | Found a radiant altar of Vehumet.
 10907 | D:8      | Found a basalt altar of Yredelemnul.
 11201 | D:9      | Reached ***** piety under Cheibriados
 11347 | D:9      | Reached skill level 10 in Invocations
 11595 | D:9      | Noticed a deep elf mage
 11598 | D:9      | Killed a deep elf mage
 11667 | D:9      | Noticed a deep elf mage
 11670 | D:9      | Killed a deep elf mage
 11885 | D:9      | Found a staircase to the Lair.
 11911 | D:9      | Found a glowing silver altar of Zin.
 11982 | D:9      | Found the +3 robe of Clouds {+Fly rElec}
 12084 | D:10     | Entered Level 10 of the Dungeon
 12121 | D:10     | Found a staircase to the Orcish Mines.
 12139 | D:10     | Noticed a cyclops
 12147 | D:10     | Killed a cyclops
 12287 | D:10     | Gained mutation: You are completely attuned to the shadows. [demonic ancestry]
 12287 | D:10     | Reached XP level 11. HP: 65/86 MP: 18/18
 12648 | D:10     | Found a portal to a secret trove of treasure.
 13142 | D:10     | Killed an unseen horror
 13267 | D:11     | Noticed Fannar
 13279 | D:11     | Killed Fannar
 13545 | D:11     | Noticed a skeletal warrior
 13545 | D:11     | Noticed a skeletal warrior
 13616 | D:11     | Noticed a four-headed hydra
 13625 | D:11     | Killed a one-headed hydra
 13625 | D:11     | Reached skill level 10 in Long Blades
 13907 | D:11     | Noticed Nergalle
 13916 | D:11     | Killed Nergalle
 13916 | D:11     | Reached ****** piety under Cheibriados
 14391 | D:11     | Noticed a skeletal warrior
 14564 | Lair:1   | Entered Level 1 of the Lair of Beasts
 14564 | Lair:1   | Noticed Gastronok
 14578 | Lair:1   | Killed Gastronok
 14578 | Lair:1   | Reached XP level 12. HP: 93/93 MP: 16/19
 15332 | Lair:2   | Identified 2 scrolls of acquirement
 15333 | Lair:2   | Found the +2 pair of boots of the Assassin {Detection Stab+ Stlth++}
 15448 | Lair:2   | Found a hole to the Spider Nest.
 15472 | Lair:2   | Reached skill level 1 in Shields
 15626 | Lair:2   | Reached skill level 10 in Armour
 15850 | Lair:2   | Reached skill level 2 in Shields
 16055 | Lair:2   | Reached skill level 3 in Shields
 16817 | Lair:3   | Reached skill level 4 in Shields
 17009 | Lair:3   | Reached skill level 5 in Shields
 17971 | Lair:4   | Reached skill level 6 in Shields
 18497 | Lair:4   | Found a staircase to the Shoals.
 18970 | Lair:5   | Reached XP level 13. HP: 100/100 MP: 20/20
 19000 | Lair:5   | Found a staircase to the Slime Pits.
 19394 | Lair:5   | Reached skill level 7 in Shields
 20287 | Lair:6   | Entered Level 6 of the Lair of Beasts
 20323 | Lair:6   | Reached skill level 8 in Shields
 20684 | Lair:6   | Reached skill level 9 in Shields
 20811 | Lair:6   | Noticed a dire elephant
 20931 | Lair:6   | Killed a dire elephant
 21200 | Lair:6   | Reached skill level 10 in Shields
 21883 | Lair:6   | Reached skill level 11 in Shields
 22063 | Lair:6   | Gained mutation: You are mostly covered in rugged brown scales. (AC +2, +5% HP) [demonic ancestry]
 22063 | Lair:6   | Reached XP level 14. HP: 100/110 MP: 21/21
 22906 | Lair:6   | Reached skill level 12 in Shields
 23304 | Orc:1    | Entered Level 1 of the Orcish Mines
 23332 | Orc:1    | Found a roughly hewn altar of Beogh.
 23442 | Orc:2    | Entered Level 2 of the Orcish Mines
 23443 | Orc:2    | Paralysed by an orc sorcerer for 6 turns
 23708 | Orc:2    | Found a roughly hewn altar of Beogh.
 23756 | Orc:2    | Found a roughly hewn altar of Beogh.
 23756 | Orc:2    | Noticed Saint Roka
 24002 | Orc:2    | Found a staircase to the Elven Halls.
 24049 | Orc:2    | Found a roughly hewn altar of Beogh.
 24107 | Orc:2    | Killed Saint Roka
 24113 | Orc:2    | Found a roughly hewn altar of Beogh.
 24324 | Orc:2    | Found a roughly hewn altar of Beogh.
 24437 | Orc:2    | Noticed an orc warlord
 24465 | Orc:2    | Killed an orc warlord
 24473 | Orc:2    | Reached skill level 13 in Shields
 24872 | Orc:2    | Found Dackeot's Antique Armour Emporium.
 24875 | Orc:2    | Found Uxymach's Antique Weapon Shoppe.
 24880 | Orc:2    | Found a roughly hewn altar of Beogh.
 24891 | Orc:2    | Bought a scorched helmet for 313 gold pieces
 24891 | Orc:2    | Bought a transparent plate armour for 924 gold pieces
 24901 | Orc:2    | Identified the +1 helmet "Begul Ruema" {Str+4 Int+2 Dex-4} (You bought it in a shop on level 2 of the Orcish Mines)
 24921 | Orc:2    | Identified the +9 plate armour of Muag {rElec rC+ Int+4 Slay-3} (You bought it in a shop on level 2 of the Orcish Mines)
 24921 | Orc:2    | Bought a runed helmet for 247 gold pieces
 24967 | Orc:2    | Paralysed by an orc sorcerer for 2 turns
 25085 | Orc:2    | Found a roughly hewn altar of Beogh.
 25244 | Orc:2    | Found a roughly hewn altar of Beogh.
 25326 | Orc:2    | Found Ykiwk's Food Boutique.
 25430 | Orc:2    | Found Siasch's Jewellery Emporium.
 25435 | Orc:2    | Bought an uncursed ring of protection from cold for 350 gold pieces
 25570 | Spider:1 | Entered Level 1 of the Spider Nest
 26152 | Spider:2 | Noticed Azrael
 26175 | Spider:2 | Noticed Jorgrun
 26182 | Spider:2 | Noticed Frances
 26192 | Spider:2 | HP: 3/110 [Jorgrun/Shatter (30)]
 26199 | Spider:2 | Killed Jorgrun
 26202 | Spider:2 | Noticed an entropy weaver
 26203 | Spider:3 | Noticed Arachne
 26205 | Spider:3 | Killed from afar by Arachne

Vault maps used:
D:1:      nzn_arrival_water_spiral
D:2:      old_standard_altar, lemuel_crystal_altar, lemuel_round_altar,
          serial_glass, glass_columns_b, glass_columns_b, glass_columns_a,
          glass_columns_a, glass_columns_c, glass_columns_b, glass_columns_b,
          glass_columns_a, grunt_ministairs_6
D:3:      elyvilon_altar_5, dk_yredelemnul_ordeal, uniq_terence, uniq_natasha,
          uniq_jessica
D:4:      lemuel_crystal_altar, gup_sewer_entry_bowl, first_ration,
          grunt_ministairs_6, minmay_misc_feat_cross, cheibriados_altar_1
D:5:      lemuel_doored_altar, uniq_edmund
D:6:      xom_teletrap_fun, old_standard_altar,
          minmay_temple_entry_statues_fountains, kennysheep_big_empty_room,
          uniq_eustachio
D:7:      okawaru_gym_becter, uniq_menkaure, uniq_prince_ribbit1
D:8:      gammafunk_temple_overflow_forgotten, the_bakery, uniq_erica
D:9:      lemuel_round_altar, hangedman_minor_magic
D:10:     orc_0_dummy, enter_trove_6
D:11:     uniq_nergalle, uniq_fannar
Temple:   nicolae_temple_figure_zero
Lair:1:   beast_lair_carwin_3, lemuel_fruit_tree, lemuel_fruit_fields,
          uniq_gastronok
Lair:2:   spider_nest_entry_web_field
Lair:3:   beast_lair_carwin_7, grunt_megastairs_3
Lair:4:   wad_woods_structure_01, minmay_shoals_entry_hut
Lair:5:   minmay_slime_entry_eyes
Lair:6:   hangedman_lair_caniforms_friends, hangedman_lair_in_review,
          lookout_lair_type
Spider:1: uniq_agnes, uniq_louise
Spider:2: uniq_frances, uniq_jorgrun, uniq_azrael
Spider:3: uniq_nikola, uniq_arachne, uniq_roxanne
Orc:1:    basic_altar
Orc:2:    grunt_orc_community_town_hall, grunt_orc_community_big_house_1,
          grunt_orc_community_big_house_1, grunt_orc_community_house_2,
          grunt_orc_community_house_1, grunt_orc_community_house_3,
          grunt_orc_community_house_1, grunt_orc_community_house_2, basic_altar,
          uniq_saint_roka
Sewer:    kennysheep_door_sewer

Skill      XL: |  1  2  3  4  5  6  7  8  9 10 11 12 13 14 |
---------------+-------------------------------------------+-----
Long Blades    | 3 4 5 6 7 9 10 11 12 | 12.9
Dodging        | 3 4 5 7 9 |  9.0
Armour         | 2 4 5 7 9 10 | 10.0
Invocations    | 2 8 10 | 10.0
Fighting       | 5 7 8 |  8.0
Shields        | 6 11 13 | 13.5
Stealth        | |  1.7

Action                   |  1- 3 |  4- 6 |  7- 9 | 10-12 | 13-15 || total
-------------------------+-------+-------+-------+-------+-------++-------
Melee: Falchion          |    99 |   125 |   396 |    47 |       ||   667
       Kick              |    10 |    38 |    10 |       |       ||    58
       Scimitar          |       |       |       |   451 |   781 ||  1232
Invok: Bend Time         |       |       |     1 |     2 |     4 ||     7
       Temporal Distorti |       |       |       |       |     1 ||     1
Evoke: Wand              |       |       |       |     3 |     8 ||    11
  Use: Scroll            |       |     6 |    15 |    16 |     5 ||    42
       Potion            |       |       |     5 |     4 |     6 ||    15
 Stab: Sleeping          |     6 |    12 |     9 |    50 |     9 ||    86
       Distracted        |       |     1 |     6 |     4 |    21 ||    32
       Petrified         |       |       |       |       |     2 ||     2
  Eat: Chunk             |     2 |     9 |    10 |    17 |    12 ||    50
Armor: Robe              |    12 |    18 |     2 |       |       ||    32
       Scale mail        |       |       |   153 |   130 |       ||   283
       Plate armour      |       |       |       |    26 |   336 ||   362
Dodge: Dodged            |    69 |    86 |   284 |   317 |   470 ||  1226
Block: Shield            |       |       |       |    98 |   745 ||   843
       Rpst.: Falchion   |    18 |    29 |    73 |    13 |       ||   133
       Scimitar          |       |       |       |    80 |   111 ||   191

Table legend:
 A = Spawn XP
 B = Non-spawn XP
 C = Spawn XP percentage of total XP
 D = Spawn monster count
 E = Non-spawn monster count
 F = Spawn count percentage of total count
 G = Total turns spent on level
                    A         B        C        D         E        F      G
               +---------+---------+-------+---------+---------+-------+---------
         Total |       0 |  102649 |   0.0 |       0 |     617 |   0.0 | 26205
               +---------+---------+-------+---------+---------+-------+---------
           D:1 |       0 |      63 |   0.0 |       0 |      28 |   0.0 |  1252
           D:2 |       0 |     243 |   0.0 |       0 |      30 |   0.0 |  1833
           D:3 |       0 |     320 |   0.0 |       0 |      12 |   0.0 |  1195
           D:4 |       0 |     191 |   0.0 |       0 |      14 |   0.0 |  1115
           D:5 |       0 |     438 |   0.0 |       0 |      13 |   0.0 |  1548
           D:6 |       0 |    1169 |   0.0 |       0 |      22 |   0.0 |  1015
           D:7 |       0 |    1755 |   0.0 |       0 |      24 |   0.0 |  1713
           D:8 |       0 |    3297 |   0.0 |       0 |      30 |   0.0 |  1112
           D:9 |       0 |    2275 |   0.0 |       0 |      28 |   0.0 |  1090
          D:10 |       0 |    4175 |   0.0 |       0 |      26 |   0.0 |  1232
          D:11 |       0 |    5658 |   0.0 |       0 |      39 |   0.0 |  1247
        Lair:1 |       0 |    6454 |   0.0 |       0 |      21 |   0.0 |   793
        Lair:2 |       0 |    4910 |   0.0 |       0 |      26 |   0.0 |  1599
        Lair:3 |       0 |    3210 |   0.0 |       0 |      15 |   0.0 |  1167
        Lair:4 |       0 |    2726 |   0.0 |       0 |      17 |   0.0 |  1204
        Lair:5 |       0 |    6079 |   0.0 |       0 |      23 |   0.0 |  1459
        Lair:6 |       0 |   34990 |   0.0 |       0 |     123 |   0.0 |  2879
      Spider:1 |       0 |    2365 |   0.0 |       0 |       7 |   0.0 |    88
      Spider:2 |       0 |    6097 |   0.0 |       0 |      12 |   0.0 |   193
         Orc:1 |       0 |     121 |   0.0 |       0 |       1 |   0.0 |   305
         Orc:2 |       0 |   16007 |   0.0 |       0 |     100 |   0.0 |  1874
         Sewer |       0 |     106 |   0.0 |       0 |       6 |   0.0 |   172
               +---------+---------+-------+---------+---------+-------+---------
